 Dungeon Crawl Stone Soup version 0.29.0-4-gdea44cf6ec (webtiles) character file.

Game seed: 17813543974997737833

42 qw the Sneak (level 3, -2/23 HPs)
             Began as a Gargoyle Delver on Sept 10, 2022.
             Slain by a hobgoblin (4 damage)
             ... on level 4 of the Dungeon.
             The game lasted 00:00:04 (76 turns).

qw the Sneak (Gargoyle Delver)                        Turns: 76, Time: 00:00:04

Health: -2/23      AC:  7    Str: 17    XL:     3   Next: 56%
Magic:  3/3        EV: 11    Int: 10    God:
Gold:   8          SH:  0    Dex: 11    Spells: 2/2 levels left

rFire   . . .      SeeInvis .   a - +0 hand axe
rCold   . . .      Faith    .   (no shield)
rNeg    + . .      Spirit   .   b - +0 leather armour
rPois   inf        Reflect  .   (no helmet)
rElec   +          Harm     .   i - +0 cloak
rCorr   .          Rampage  .   (no gloves)
Will    .....                   (no boots)
Stlth   +++.......              (no amulet)
HPRegen 0.07/turn               (no ring)
MPRegen 0.08/turn               (no ring)

@: no status effects
A: sickness immunity, AC +3, negative energy resistance 1, electricity
resistance, torment resistance 1, petrification resistance
a: no special abilities


You were on level 4 of the Dungeon.
You visited 1 branch of the dungeon, and saw 2 of its levels.

You collected 8 gold pieces.


Innate Abilities, Weirdness & Mutations

You are immune to sickness and miasma.
Your stone body is resilient. (AC +3)
You are immune to poison.
You resist negative energy. (rN+)
You are resistant to electric shocks. (rElec)
You are resistant to unholy torment.
You are immune to petrification.


   Skills:
 - Level 3.2 Fighting
 + Level 3.5 Axes
 - Level 1.5 Dodging
 - Level 5.4 Stealth


You had 2 spell levels left.
You didn't know any spells.
Your spell library was empty.

Inventory:

Hand Weapons
 a - a +0 hand axe (weapon)
 h - a +0 club
Armour
 b - a +0 leather armour (worn)
 i - a +0 cloak (worn)
Wands
 g - a wand of digging (3)
Potions
 f - a potion of haste

Dungeon Overview and Level Annotations

Branches:
Dungeon (5/15)
 Temple: D:4-7

Altars:


Message History

The hobgoblin is almost dead.
You hit the kobold. The kobold barely misses you.
The hobgoblin hits you but does no damage.
You hit the hobgoblin.
You kill the hobgoblin!
You hit the kobold.
You kill the kobold!
You barely miss the hobgoblin.
The hobgoblin hits you but does no damage.
You barely miss the hobgoblin. The hobgoblin completely misses you.
You hit the hobgoblin.
The hobgoblin is heavily wounded.
You barely miss the hobgoblin.
The hobgoblin hits you but does no damage. x2
You hit the hobgoblin but do no damage.
The hobgoblin is heavily wounded.
You closely miss the hobgoblin.
The hobgoblin hits you but does no damage.
The hobgoblin hits you. The hobgoblin misses you.
The hobgoblin barely misses you.
You closely miss the hobgoblin.
The hobgoblin is heavily wounded.
You closely miss the hobgoblin.
A hound comes into view.
The hobgoblin hits you. The hobgoblin barely misses you.
The hound barks!
You hit the hobgoblin.
You punch the hobgoblin, but do no damage.
The hobgoblin is severely wounded.
You barely miss the hobgoblin.
You hear a shout!
The hobgoblin hits you but does no damage.
The hobgoblin closely misses you.
You hit the hobgoblin.
You kill the hobgoblin!
You hit the hobgoblin but do no damage. The hobgoblin hits you.
You die...

#.# # ####.#
#. .#... .#.
#...# ....
...# ..... ..#
......#g####.#
#..$@)h...#
#/#########


You could see a hound and a hobgoblin.

Vanquished Creatures
  A howler monkey (D:4)
  A goblin (D:4)
  2 hobgoblins (D:4)
  2 kobolds (D:4)
6 creatures vanquished.

Notes
Turn   | Place    | Note
-------+----------+-------------------------------------------
     0 | D:5      | qw the Gargoyle Delver began the quest for the Orb.
     0 | D:5      | Reached XP level 1. HP: 14/14 MP: 1/1
     0 | D:5      | 0 ||| qw: Version: 0.1-a-116-g5d60599
     0 | D:5      | 0 ||| qw: Game counter: 9338
     0 | D:5      | 0 ||| qw: Always use a shield: true
     0 | D:5      | 0 ||| qw: God list: Okawaru
     0 | D:5      | 0 ||| qw: Allow faded altars: false
     0 | D:5      | 0 ||| qw: Do Orc after D:15 true
     0 | D:5      | 0 ||| qw: Do second Lair branch before Depths: true
     0 | D:5      | 0 ||| qw: Lair rune preference: random
     0 | D:5      | 0 ||| qw: Plans: Normal
     0 | D:5      | 0 ||| PLANNING D:1-11
    33 | D:5      | 33 ||| UPGRADING to +0 cloak.
    38 | D:5      | 38 ||| DROPPING scroll of fog.
    39 | D:5      | 39 ||| DROPPING scroll of magic mapping.
    40 | D:5      | 40 ||| DROPPING scroll of fear.
    48 | D:4      | Noticed a howler monkey
    65 | D:4      | Killed a howler monkey
    66 | D:4      | Reached skill level 3 in Axes
    66 | D:4      | Reached XP level 2. HP: 9/19 MP: 2/2
    66 | D:4      | Reached XP level 3. HP: 11/23 MP: 3/3
    73 | D:4      | HP: 5/23 [hobgoblin (3)]
    74 | D:4      | HP: 2/23 [hobgoblin (3)]
    76 | D:4      | Slain by a hobgoblin

Levels and vault maps discovered:
D:4:      wad_river_or_something, layout_basic, kennysheep_mini,
          gammafunk_ghost_arena, lemuel_another_geyser, uniq_eustachio
D:5:      layout_loops_ring, vehumet_altar_wand_db, minmay_temple_entry_poolview

Skill      XL: |  1 |
---------------+----+-----
Axes           | 3 |  3.5
Fighting       | |  3.2
Dodging        | |  1.5
Stealth        | |  5.4

Action                   || total
-------------------------++-------
Melee: Hand axe          ||    25
       Punch             ||     1
Armor: Leather armour    ||    12
Dodge: Dodged            ||    19

Table legend:
 A = Non-vault XP
 B = Vault XP
 C = Vault XP percentage of total XP
 D = Non-vault monster count
 E = Vault monster count
 F = Vault count percentage of total count
                 A         B        C        D         E       F
            +---------+---------+-------+---------+---------+-------
      Total |      59 |       4 |   6.3 |       4 |       2 |  33.3
            +---------+---------+-------+---------+---------+-------
        D:4 |      59 |       4 |   6.3 |       4 |       2 |  33.3
            +---------+---------+-------+---------+---------+-------
